[Event "Chennai Grand Masters 2024"]
[Site "Chennai"]
[Date "2024.11.08"]
[Round "4.1"]
[White "Tabatabaei, M. Amin"]
[Black "Erigaisi Arjun"]
[Result "0-1"]
[ECO "C54"]
[WhiteElo "2686"]
[BlackElo "2799"]
[Annotator "TA"]
[PlyCount "104"]
[EventDate "2024.11.04"]
[EventType "tourn"]
[EventCountry "IND"]
[SourceTitle "playchess.com"]
[Source "ChessBase"]
[SourceQuality "1"]
[TimeControl "40/5400+30:1800+30"]

1. e4 e5 2. Nf3 Nc6 3. Bc4 Nf6 4. d3 Bc5 5. O-O d6 6. c3 a6 7. a4 h6 8. Re1 {[%emt 0:02:16] The main line 8.Re1 scores better than 8.Nbd2. C54: Giuoco Piano: 4 c3 Nf6, main lines with 5 d4 and 5 d3.} Ba7 9. b4 g5 $5 {[%emt 0:00:46][%mdl 4] Exploring less charted territory.} 10. Be3 Bxe3 $146 ({Predecessor:} 10... g4 11. Nfd2 h5 12. Bxa7 Rxa7 13. Nf1 Ne7 14. Qb3 Rh7 15. Nbd2 Kf8 16. b5 Ra8 17. bxa6 bxa6 {1-0 Hou,Y (2628)-Lagno,K (2552) Global Chess League rapid 2023 (5.4)}) 11. Rxe3 g4 12. Ne1 h5 13. d4 h4 14. Be2 Qe7 15. d5 Nb8 16. Nd2 Qf8 17. Nf1 Qh6 18. c4 g3 (18... a5 $11) 19. fxg3 $14 (19. hxg3 hxg3 20. fxg3 (20. Nxg3 $2 Qh2+ 21. Kf1 Qh1+ 22. Nxh1 Rxh1#) 20... a5 $15) 19... hxg3 20. h3 (20. Rxg3 Nxe4 21. Re3 f5 $11) 20... Nbd7 ({Better is} 20... a5) 21. c5 $16 (21. Rxg3 $2 Nxe4 22. Rd3 f5 $19) 21... Nf8 {[%emt 0:01:16] [#]} 22. cxd6 (22. Rxg3 Nxe4 23. Re3 f5 $17) (22. Raa3 $1 $16) 22... cxd6 $11 23. Qc1 (23. Rxg3 Nxe4 24. Rf3 Ng5 $17) ({White should try} 23. Raa3 $14) 23... Bxh3 (23... Ng6 $11 24. Nxg3 Nf4) 24. gxh3 $16 Ng6 $1 25. Rxg3 (25. Nxg3 $16 {Hoping for Rc3.} Nf4 26. Bf1) 25... Nf4 $11 26. Qe3 Nxh3+ 27. Rxh3 Qxh3 28. Qxh3 Rxh3 29. Bf3 Rc8 30. Rb1 Rc3 31. Nd2 Ke7 32. a5 Nd7 33. Kf2 Nf8 34. b5 Ng6 35. bxa6 bxa6 36. Bg2 Rh6 37. Rb7+ Kf8 38. Rb6 Nf4 39. Rxa6 Ra3 40. Ra8+ (40. Nc4 $5 Ra2+ $8 41. Kf3 Nxg2 (41... Rh2 42. Ne3 $16) 42. Nxg2 (42. Ra8+ $2 Kg7 $19) 42... Rf6+ 43. Ke3 Rxg2 44. Nxd6 $11) 40... Kg7 41. a6 Ra2 42. Nef3 f5 43. Ra7+ Kf8 44. Ra8+ Kg7 45. Ra7+ Kf6 46. Bf1 $2 (46. Rd7 $11 fxe4 47. Rxd6+ Kg7 48. Rd7+ (48. Rxh6 exf3 49. Bxf3 Kxh6 $11) 48... Kf8 49. Nxe5 Nxg2 50. Kg3) 46... fxe4 $19 47. Bc4 Rc2 48. Rd7 {[%emt 0:03:28] [#]} Rh3 $1 (48... exf3 $2 {perishes.} 49. Rxd6+ Kf5 50. Rxh6 $18) 49. Ke3 exf3 50. Ne4+ Kf5 51. Nxd6+ Kg6 52. Bf1 Re2+ 0-1

[Event "Chennai Grand Masters 2024"]
[Site "Chennai"]
[Date "2024.11.08"]
[Round "4.2"]
[White "Maghsoodloo, Parham"]
[Black "Sarana, Alexey"]
[Result "1/2-1/2"]
[ECO "C77"]
[WhiteElo "2712"]
[BlackElo "2679"]
[Annotator "TA"]
[PlyCount "237"]
[EventDate "2024.11.04"]
[EventType "tourn"]
[EventCountry "IND"]
[SourceTitle "playchess.com"]
[Source "ChessBase"]
[SourceQuality "1"]
[TimeControl "40/5400+30:1800+30"]

1. e4 e5 2. Nf3 Nc6 3. Bb5 a6 4. Ba4 Nf6 5. Nc3 Be7 6. d3 d6 7. a3 O-O 8. h3 Be6 9. Ng5 Nd7 10. Nxe6 fxe6 11. Ne2 Bg5 12. Bb3 Nc5 13. Ba2 Bxc1 14. Qxc1 Nd4 15. Nxd4 exd4 16. O-O (16. b4 Qf6 17. O-O (17. bxc5 Qxf2+ 18. Kd1 Qxg2 $17) 17... Na4 $11) 16... d5 17. Qe1 Qd6 $1 {[%emt 0:03:54] [#]} 18. f4 $1 Rad8 (18... Rxf4 $2 19. Rxf4 Qxf4 20. exd5 $18) (18... Rae8 19. e5) 19. exd5 exd5 20. Qb4 Ne6 21. f5 (21. Qxb7 Nxf4 22. Rf2 Rb8 $17) 21... c5 22. Qd2 Nc7 23. b4 Nb5 24. Rae1 Nc3 25. Bb3 cxb4 26. Re6 Qd7 27. Qg5 {[%emt 0:00:04] aiming for Re7.} Qf7 28. axb4 Rde8 {[%emt 0:00:05] Against Re7} 29. Rxe8 Qxe8 30. Kh1 Qe5 31. Qh4 Kh8 (31... Rxf5 $6 32. Rxf5 Qxf5 33. Qxd4 $16) 32. Re1 (32. g4 $11) 32... Ne2 $15 33. Qf2 Re8 $1 (33... Qxf5 $2 34. Qxe2 Qd7 35. Qe5 $18) 34. Ra1 Ng3+ 35. Kg1 Nxf5 (35... h6 $1 $15 36. Qf3 Nxf5 37. Bxd5 Ne3) 36. Ba4 (36. Rf1 $1 $11 {was the only way to keep the balance.} g6 37. Qf4) 36... b5 $1 $17 37. Bb3 (37. Rf1 $142 g6 38. Bb3) 37... h5 $2 (37... h6 $19 {Hoping for ...Re6.} 38. Rxa6 Kh7) 38. Qf3 $1 $11 Qe3+ 39. Kh2 Qxf3 40. gxf3 {[%emt 0:00:01][%mdl 4096] Endgame. KRB-KRN} Re2+ 41. Kg1 Ne3 {[%emt 0:30:54] ...Rg2+ would now be deadly.} 42. Rxa6 Rg2+ (42... Nxc2 $2 {is the wrong capture.} 43. Ra2 Re3 (43... Re1+ $2 44. Kf2 $18) 44. Rxc2 $18) 43. Kh1 Rg3 44. Kh2 Rxf3 45. Rb6 g5 {[%emt 0:00:33] Threatens to win with ...Kg7.} 46. Rh6+ $1 Kg7 47. Rxh5 Rf5 (47... Kg6 $5 48. Rh8 $8 Nxc2 49. Bxc2 Rf2+ 50. Kg3 Rxc2 $11) 48. Kg3 Nf1+ (48... Kg6 $5 49. Rh8 $8 Rf1 $11) 49. Kg2 Ne3+ 50. Kg3 Re5 (50... Kg6 $5 51. Rh8 $8 Rf7 $11) 51. Kf3 Nd1 52. Kg4 Ne3+ 53. Kf3 Nd1 54. Kg4 Kg6 {[%emt 0:00:03] ( -> ...Ne3+)} 55. Rh8 Nc3 56. Rg8+ Kh6 $1 57. Rh8+ Kg6 58. Rg8+ Kf6 (58... Kh6 $1 $11) 59. Rf8+ ({White should play} 59. Kh5 $1 $16) 59... Kg6 60. Rb8 Kf6 61. Rb6+ Kg7 62. Kh5 {[%emt 0:00:38] Rg6+ is the strong threat.} Kf7 63. Rd6 Re3 (63... Nd1 $11) 64. Kxg5 $16 {[%emt 0:00:51] And now Kg4 would win.} (64. Bxd5+ $2 {perishes.} Ke7 65. Rb6 Nxd5 $19) 64... Rxh3 65. Bxd5+ Ke7 66. Re6+ Kd7 67. Bb3 Re3 68. Ra6 Kc7 69. Kf6 Ne2 70. Kf5 Ng3+ 71. Kg5 Ne2 72. Kf6 Nc3 73. Kf5 Ne2 74. Re6 {[%emt 0:00:47] Black must now prevent Rxe3.} Rf3+ {[%emt 0:00:18] [#]} 75. Kg5 (75. Ke5 $1 $16) 75... Rg3+ (75... Rf2 $11) 76. Kf6 Rf3+ 77. Kg7 (77. Ke7 $16) 77... Rg3+ (77... Nc1 $11 {keeps the balance.} 78. Bd5 Rf5 79. Rc6+ Kd7) 78. Kf7 Rf3+ {[%emt 0:00:06] [#]} 79. Rf6 $1 Re3 80. Rf5 (80. Rf1 $16) 80... Nc3 (80... Nc1 $1 $11) 81. Rf4 Ne2 82. Rh4 (82. Rf1 $16) 82... Nc1 $1 $11 {[%emt 0:01:25] The position is equal.} 83. Be6 Re2 $1 84. Rxd4 Rxc2 85. Rd7+ Kb6 86. Ke7 Rc3 87. Rd6+ Ka7 88. Rd7+ Kb6 89. Rd6+ Ka7 90. Bf5 Rb3 91. Rd7+ Kb6 92. Rd6+ Ka7 93. d4 Na2 94. Rd7+ Kb6 95. Rd6+ Ka7 96. Rd8 Nxb4 97. d5 {[%emt 0:00:02] Wards off Nc6+} Rb2 98. Be6 Rd2 99. Kd6 Kb6 100. Rb8+ Ka5 101. Ke5 Re2+ 102. Kd6 Rd2 103. Rb7 Ka6 104. Rh7 Kb6 105. Rh8 Ka5 106. Rh5 Kb6 107. Kd7 Nd3 108. Ke7 Nc5 109. Rh8 b4 110. Rb8+ Ka5 111. Bf7 b3 112. Kd6 Ne4+ 113. Ke5 Nc5 114. Kd6 {[%emt 0:00:34] Prevents Nd7.} Ne4+ 115. Ke5 Nc5 116. Kd6 {[%emt 0:00:42] Prevents Nd7} Ne4+ 117. Kc6 Rf2 118. d6 Rxf7 119. d7 {[%emt 0:00:22] Weighted Error Value: White=0.11 (very precise) /Black=0.15 (very precise) .  Missed win:     	---       	Black=1      Mistake:       	White=8     	Black=6      Inaccurate:     	White=2     	Black=5      OK:         	White=35    	Black=54     Best:        	White=12    	Black=8      Strong:       	White=3     	Black=5} 1/2-1/2

[Event "Chennai Grand Masters 2024"]
[Site "Chennai"]
[Date "2024.11.08"]
[Round "4.3"]
[White "Aravindh, Chithambaram VR."]
[Black "Aronian, Levon"]
[Result "1/2-1/2"]
[ECO "D03"]
[WhiteElo "2706"]
[BlackElo "2739"]
[Annotator "TA"]
[PlyCount "33"]
[EventDate "2024.11.04"]
[EventType "tourn"]
[EventCountry "IND"]
[SourceTitle "playchess.com"]
[Source "ChessBase"]
[SourceQuality "1"]
[TimeControl "40/5400+30:1800+30"]

1. d4 Nf6 2. Bg5 e6 3. Nd2 d5 4. e3 Nbd7 5. Ngf3 h6 6. Bh4 g5 7. Bg3 Nh5 8. Bd3 {[%emt 0:01:06] White is slightly better.} Nxg3 9. hxg3 Bg7 10. g4 c5 11. c3 Qb6 12. b4 cxd4 13. exd4 Nf6 14. Ne5 Nd7 15. Nef3 Nf6 16. Ne5 Nd7 17. Nef3 {[%emt 0:00:06] Weighted Error Value: White=0.21 (precise) /Black=0.14 (very precise) .  Mistake:       	White=1     	---        Inaccurate:     	White=1     	Black=2      OK:         	White=4     	Black=3      Best:        	White=2     	---} 1/2-1/2

[Event "Chennai Grand Masters 2024"]
[Site "Chennai"]
[Date "2024.11.08"]
[Round "4.4"]
[White "Vachier-Lagrave, Maxime"]
[Black "Vidit, Santosh Gujrathi"]
[Result "1/2-1/2"]
[ECO "E08"]
[WhiteElo "2737"]
[BlackElo "2739"]
[Annotator "TA"]
[PlyCount "100"]
[EventDate "2024.11.04"]
[EventType "tourn"]
[EventCountry "IND"]
[SourceTitle "playchess.com"]
[Source "ChessBase"]
[SourceQuality "1"]
[TimeControl "40/5400+30:1800+30"]

1. Nf3 d5 2. g3 Nf6 3. Bg2 e6 4. O-O Be7 5. c4 O-O 6. d4 c6 7. Qc2 b6 8. Rd1 Nbd7 9. b3 Bb7 10. Nc3 Ba6 11. Nd2 c5 12. e3 cxd4 13. exd4 Rc8 14. Bb2 Nb8 15. Nf1 dxc4 16. Ne3 Bb4 17. d5 Qe7 18. dxe6 fxe6 19. bxc4 Bxc4 20. Ne4 Bd5 21. Nxf6+ gxf6 22. Qe2 Bxg2 23. Kxg2 Nc6 24. Ng4 e5 25. f4 Qe6 26. fxe5 Nxe5 27. Rd4 {[%emt 0:00:06] [#] Nxe5 would now be deadly.} Bc3 28. Bxc3 Rxc3 29. Nxe5 fxe5 30. Qg4+ Qg6 31. Qxg6+ hxg6 $15 {[%emt 0:00:01][%mdl 4096] Endgame. KRR-KRR} 32. Rd2 e4 33. a4 e3 34. Re2 Rf5 35. Rae1 Ra5 36. Rxe3 Rxe3 37. Rxe3 Rxa4 {[%emt 0:00:02] aiming for ...Rb4. KR-KR} 38. Re7 b5 39. Rb7 b4 $1 40. h4 a5 {[%emt 0:00:06] Strongly threatening ...Ra3.} 41. Kf3 (41. g4 $17) 41... Kf8 $2 (41... Ra3+ $19 42. Kf4 Rc3) 42. g4 $11 Ra1 {[%emt 0:01:29] [#] ...Rb1 is the strong threat.} 43. Rb5 Ke7 {[%emt 0:01:00] And now ...Kd7 would win.} 44. h5 {[%emt 0:02:54] The position is equal.} gxh5 45. gxh5 Kf6 46. Kg4 Rg1+ 47. Kf4 Rf1+ 48. Kg4 Rg1+ 49. Kf4 Rf1+ 50. Kg4 $1 Rg1+ {[%emt 0:00:31] Weighted Error Value: White=0.05 (flawless) /Black=0.10 (very precise) .  Missed win:     	---       	Black=1      Mistake:       	White=1     	---        Inaccurate:     	White=2     	Black=3      OK:         	White=20    	Black=13     Best:        	White=5     	Black=2      Strong:       	White=1     	Black=1} 1/2-1/2